 Dungeon Crawl Stone Soup version 0.27-a0-320-g81d27af2d4 (webtiles) character file.

Game seed: 14924001130846552095

299 innerfire43 the Skirmisher (level 6, -1/50 HPs)
             Began as a Demonspawn Wanderer on Feb 10, 2021.
             Was a Follower of Vehumet.
             Succumbed to Edmund's poison
             ... on level 4 of the Dungeon.
             The game lasted 00:12:16 (3433 turns).

innerfire43 the Skirmisher (Demonspawn Wanderer)    Turns: 3433, Time: 00:12:17

Health: -1/50      AC: 12    Str: 13    XL:     6   Next: 13%
Magic:  6/6        EV:  6    Int: 16    God:    Vehumet [*.....]
Gold:   112        SH:  0    Dex: 11    Spells: 5/5 levels left

rFire    . . .     SeeInvis .   a - +0 quarterstaff
rCold    . . .     Faith    .   (shield currently unavailable)
rNeg     . . .     Spirit   .   n - +0 chain mail
rPois    .         Reflect  .   (helmet restricted)
rElec    .         Harm     +   p - scarf {harm}
rCorr    .         Rampage  .   (no gloves)
Will     .....                  q - +0 pair of boots
Stlth    ..........             (no amulet)
HPRegen  0.16/turn              (no ring)
MPRegen  0.10/turn              (no ring)

@: lethally poisoned (-1 -> -60)
A: horns 1, icy blue scales 2
a: Renounce Religion


You were on level 4 of the Dungeon.
You worshipped Vehumet.
Vehumet was aware of your devotion.
You visited 1 branch of the dungeon, and saw 4 of its levels.

You collected 112 gold pieces.

Inventory:

Hand Weapons
 a - a +0 quarterstaff (weapon)
 f - a +0 dagger
Missiles
 i - 17 poisoned darts (quivered)
Armour
 e - a +0 robe
 m - a +0 leather armour
 n - a +0 chain mail (worn)
 p - a scarf of harm (worn)
 q - a +0 pair of boots (worn)
Scrolls
 c - a scroll of fear
 d - 2 scrolls of teleportation
 g - 3 scrolls of identify
 j - 2 scrolls of enchant armour {unknown}
 r - a scroll of random uselessness {unknown}
Potions
 b - a potion of haste
 h - a potion of magic
 t - a potion of invisibility {unknown}
 u - a potion of brilliance {unknown}


   Skills:
 + Level 4.9 Fighting
 * Level 0.9(2.5) Polearms
 * Level 3.7(3.8) Staves
 + Level 1.6 Armour
 - Level 1.0 Dodging
 - Level 2.0 Stealth
 + Level 1.0 Shields
 + Level 2.9 Unarmed Combat


You had 5 spell levels left.
You didn't know any spells.
Your spell library was empty.

Dungeon Overview and Level Annotations

Branches:
Dungeon (4/15)
 Temple: D:4-7

Altars:
Cheibriados
Okawaru
Vehumet

Annotations:
D:4 Edmund


Innate Abilities, Weirdness & Mutations

You have a pair of small horns on your head.
You are mostly covered in icy blue scales. (AC +3)


Message History

Edmund hits you with a +0 dire flail of venom.
You are more poisoned.
You're too confused to move!
You feel very sick. Edmund barely misses you.
You're too confused to attack without stumbling around!
You're too confused to attack without stumbling around!
You're too confused to attack without stumbling around!
You're too confused to attack without stumbling around!
You feel very sick. Edmund hits you but does no damage.
You are more poisoned.
You feel very sick.
You feel very sick. Edmund hits you but does no damage.
You are more poisoned.
You feel very sick. Edmund hits you but does no damage.
You are more poisoned.
You're too confused to move!
You feel less invigorated.
You feel less confused.
You feel very sick. Edmund hits you but does no damage.
You are more poisoned.
You closely miss Edmund.
Edmund is lightly wounded.
* * * LOW HITPOINT WARNING * * *
You feel very sick.
Edmund hits you with a +0 dire flail of venom.
* * * LOW HITPOINT WARNING * * *
You are more poisoned.
Okay, then.
Your chain mail prevents you from hitting Edmund.
Edmund is lightly wounded.
* * * LOW HITPOINT WARNING * * *
You feel very sick. Edmund barely misses you.
You barely miss Edmund.
Edmund is lightly wounded.
You die...

# #.......... #.#..........
#.#.....#.$. . ..........
..#########......#
..........$....#
#....##.......# #....##..@.#
#.. #........@.#.....
###†.....>........###.
##.....###$..........
#.....>.###.........<
##.##..#..........# #.####
#..###.#.##.......###.....
#.## #.#....#<.....##.....
###.####.....##...##.###...?


You could see Edmund.

Vanquished Creatures
  A scorpion (D:4)
  An iguana (D:4)
  Natasha (twice) (D:2)
  A worker ant (D:4)
  A howler monkey skeleton (D:3)
  7 adders
  An ooze (D:1)
  An adder skeleton (D:4)
  A worm (D:2)
  A dart slug (D:1)
  A leopard gecko (D:2)
  An orc (D:3)
  3 giant cockroaches
  6 goblins
  6 hobgoblins
  5 jackals
  6 kobolds
  4 quokkas
  A ball python (D:3)
  7 bats
  A frilled lizard (D:2)
  8 rats
66 creatures vanquished.

Notes
Turn   | Place    | Note
-------+----------+-------------------------------------------
     0 | D:1      | innerfire43 the Demonspawn Wanderer began the quest for the
                  | Orb.
     0 | D:1      | innerfire43 set off with the following items: a +0
                  | quarterstaff, a potion of haste, a scroll of fear, a scroll
                  | of teleportation, a +0 robe, a +0 dagger
     0 | D:1      | Reached XP level 1. HP: 19/19 MP: 1/1
   134 | D:1      | Gained mutation: You are partially covered in icy blue
                  | scales. (AC +2) [demonic ancestry]
   134 | D:1      | Reached XP level 2. HP: 21/25 MP: 2/2
   617 | D:1      | Reached skill level 1 in Staves
   623 | D:1      | Gained mutation: You are mostly covered in icy blue scales.
                  | (AC +3) [demonic ancestry]
   623 | D:1      | Reached XP level 3. HP: 26/31 MP: 3/3
  1111 | D:2      | Noticed Natasha
  1125 | D:2      | Killed Natasha
  1276 | D:2      | Found a radiant altar of Vehumet.
  1286 | D:2      | Reached XP level 4. HP: 37/38 MP: 4/4
  1342 | D:2      | Noticed Natasha
  1361 | D:2      | Killed Natasha
  1519 | D:2      | Found an iron altar of Okawaru.
  2040 | D:2      | Became a worshipper of Vehumet
  2102 | D:3      | Reached skill level 1 in Dodging
  2179 | D:3      | Found a snail-covered altar of Cheibriados.
  2490 | D:3      | Reached XP level 5. HP: 30/43 MP: 5/5
  2686 | D:3      | Reached skill level 1 in Armour
  3381 | D:4      | HP: 3/64 [poisoned by a scorpion]
  3400 | D:4      | Reached * piety under Vehumet
  3400 | D:4      | Offered knowledge of Shock by Vehumet.
  3401 | D:4      | Gained mutation: You have a pair of small horns on your
                  | head. [demonic ancestry]
  3401 | D:4      | Reached XP level 6. HP: 30/50 MP: 6/6
  3406 | D:4      | Noticed Edmund
  3433 | D:4      | Succumbed to Edmund's poison

Illustrated notes

Levels and vault maps discovered:
D:1:      dpeg_arrival_simpleton_c, layout_rooms
D:2:      layout_loops_cross, vehumet_crystals, minmay_splitting_lines,
          okawaru_metal_pillars_1_2, uniq_natasha
D:3:      layout_loops_ring, cheibriados_altar_1, minmay_misc_feat_iff,
          saegor_snake_ambush
D:4:      layout_rooms, minmay_temple_entry_statues_pillars, minivault_27,
          ashenzari_altar_1, uniq_edmund, uniq_pikel, uniq_crazy_yiuf_cottage

Skill      XL: |  1  2  3  4  5 |
---------------+----------------+-----
Staves         | 1 2 3 |  3.7
Stealth        | 2 |  2.0
Dodging        | 1 |  1.0
Armour         | 1 |  1.6
Fighting       | |  4.9
Polearms       | |  0.9
Shields        | |  1.0
Unarmed Combat | |  2.9

Action                   |  1- 3 |  4- 6 || total
-------------------------+-------+-------++-------
Melee: Quarterstaff      |   115 |   196 ||   311
       Headbutt          |       |     2 ||     2
  Use: Scroll            |     1 |     3 ||     4
       Potion            |     1 |     6 ||     7
 Stab: Sleeping          |     1 |       ||     1
Armor: Robe              |    38 |       ||    38
       Chain mail        |    26 |   198 ||   224
       Leather armour    |     2 |       ||     2
       Skin              |       |    51 ||    51
Dodge: Dodged            |    61 |    85 ||   146

Table legend: (Time is in decaauts)
 A = Elapsed time spent in this place.
 B = Non-inter-level travel time spent in this place.
 C = Inter-level travel time spent in this place.
 D = Time resting spent in this place.
 E = Time spent auto-exploring this place.
 F = Levels seen in this place.
 G = Mean time per level.
                   A        B        C        D        E       F      G
               +--------+--------+--------+--------+--------+-----+--------+
         Total |   3520 |   3362 |    158 |      0 |   2708 |   4 |  880.0 |
       Dungeon |   3520 |   3362 |    158 |      0 |   2708 |   4 |  880.0 |
               +--------+--------+--------+--------+--------+-----+--------+

Top non-repeatable levels by time:
     D:3: 1288 daAuts
     D:2: 1133 daAuts
     D:1: 977 daAuts
     D:4: 121 daAuts
